Map: Eternal Empire LE

Players

Gallean

  • Race: Zerg Zerg
  • League: Master
  • Spawn Location: 1:00

SacDeFromage - Winner!

  • Race: Protoss Protoss
  • League: Master
  • Spawn Location: 7:00

VOD

Have the link to the VOD?

Description

Time

  • Played on: April 25, 2020, 4:18 p.m.
  • Length: 16:26
Show
View Real Time Build Order
Export as new Build Order

Gallean Zerg 

Build Orders: Hatch First 

Get SALT Encoding   

  12  0:02  Drone  
  13  0:12  Overlord  
  13  0:17  Drone  
  14  0:32  Drone x2  
  16  0:50  Hatchery  
  16  0:53  Drone  
  16  0:56  Drone  
  17  1:00  Drone  
  18  1:10  Extractor  
  17  1:15  Spawning Pool  
  16  1:22  Drone x2  
  18  1:30  Drone  
  19  1:43  Drone  
  20  1:53  Overlord  
  20  2:01  Queen  
  20  2:02  Zergling x2, Queen  
  20  2:03  Zergling x2  
  26  2:13  Drone x2  
  28  2:16  Metabolic Boost  
  28  2:23  Drone  
  28  2:27  Drone  
  30  2:38  Hatchery  
  30  2:43  Drone  
  30  2:52  Drone, Queen  
  30  2:54  Overlord  
  33  2:59  Zergling x2  
  34  3:06  Drone x2  
  35  3:16  Spore Crawler  
  35  3:17  Spore Crawler  
  35  3:28  Drone  
  35  3:32  Queen  
  38  3:35  Overlord, Drone x2  
  38  3:37  Spore Crawler, Drone  
  38  3:38  Drone x2  
  42  3:52  Spore Crawler, Drone, Queen  
  42  3:55  Overlord  
  44  3:57  Drone  
  44  3:58  Roach Warren  
  44  3:59  Drone  
  44  4:02  Overlord  
  45  4:04  Drone  
  43  4:11  Drone x3  
  43  4:14  Drone x2  
  48  4:22  Spore Crawler  
  47  4:26  Lair  
  47  4:29  Overlord  
  47  4:31  Drone x2  
  49  4:37  Drone  
  53  4:38  Drone x3  
  53  4:41  Drone  
  53  4:43  Overlord  
  54  4:45  Drone  
  54  4:50  Extractor, Queen  
  54  5:02  Zergling x2  
  54  5:04  Drone x3  
  60  5:07  Extractor, Roach  
  60  5:09  Roach x4  
  60  5:10  Roach  
  69  5:24  Roach  
  69  5:25  Roach x4  
  78  5:31  Overlord x2  
  78  5:32  Zergling x2  
  79  5:36  Overlord  
  79  5:40  Drone  
  80  5:43  Overseer  
  80  5:45  Drone  
  81  5:51  Overlord, Glial Reconstitution  
  81  5:53  Drone x6  
  87  6:01  Drone x3  
  90  6:08  Drone x3  
  93  6:17  Drone  
  93  6:18  Drone x6  
  100  6:24  Spire, Pneumatized Carapace  
  99  6:26  Extractor  
  98  6:33  Extractor, Roach x3  
  103  6:43  Overlord  
  103  6:46  Hatchery  
  102  6:54  Drone x3  
  102  6:56  Overlord  
  102  6:57  Overlord x3  
  105  7:06  Drone x4  
  105  7:07  Extractor, Drone x3  
  113  7:08  Roach  
  113  7:15  Roach x5  
  123  7:17  Tunneling Claws  
  123  7:18  Burrow  
  123  7:24  Roach x2  
  127  7:32  Overlord  
  127  7:34  Roach x5  
  127  7:35  Roach x3  
  143  7:43  Overlord  
  144  7:44  Ravager x2  
  144  7:48  Overlord x3  
  145  7:55  Ravager x3  
  145  7:56  Ravager  
  149  8:01  Drone  
  149  8:02  Zergling x2  
  149  8:03  Zergling x20  
  161  8:10  Spore Crawler  
  161  8:12  Unknown  
  159  8:16  Zergling x10  
  159  8:18  Ravager x4  
  159  8:19  Ravager  
  169  8:25  Zergling x2  
  169  8:26  Zergling x10  
  175  8:31  Infestation Pit  
  153  8:51  Zergling x2  
  153  8:52  Zergling x24  
  109  9:06  Drone x2  
  109  9:07  Drone x8  
  115  9:11  Roach, Evolution Chamber  
  115  9:14  Baneling Nest  
  115  9:17  Roach x3  
  115  9:19  Hive  
  115  9:25  Drone x3  
  118  9:33  Hatchery  
  110  9:47  Drone x14  
  110  9:50  Ravager  
  110  9:51  Roach  
  127  9:56  Zerg Melee Weapons Level 1  
  127  9:57  Centrifical Hooks  
  127  9:58  Roach x8  
  143  10:03  Roach  
  145  10:13  Hatchery  
  144  10:14  Spine Crawler x2  
  144  10:17  Spine Crawler  
  144  10:18  Zergling x22  
  152  10:23  Spore Crawler  
  151  10:32  Adrenal Glands  
  151  10:33  Greater Spire  
  151  10:34  Drone  
  151  10:35  Drone  
  153  10:38  Zergling x20  
  163  10:43  Extractor  
  162  10:54  Ravager x5  
  162  10:55  Ravager  
  162  10:56  Overseer  
  168  11:00  Queen  
  168  11:02  Drone  
  168  11:03  Drone  
  172  11:04  Hatchery  
  172  11:06  Extractor  
  172  11:08  Baneling x3  
  172  11:09  Baneling x2  
  170  11:12  Overlord x3, Corruptor x2  
  170  11:13  Corruptor x4  
  181  11:33  Baneling x5  
  181  11:34  Baneling x34  
  180  11:45  Zergling x40  
  198  11:50  Brood Lord  
  198  11:54  Baneling x8  
  200  11:56  Baneling x8  
  200  12:07  Baneling x9  
  147  12:35  Roach x7  
  147  12:36  Roach  
  142  12:41  Zergling x2  
  142  12:42  Zergling x38  
  148  12:45  Roach  
  133  12:51  Roach  
  133  12:52  Roach x5  
  141  13:04  Zerg Melee Weapons Level 2  
  141  13:05  Overseer x2  
  130  13:17  Roach x15  
  137  13:55  Drone x3  
  140  14:02  Overseer x3  
  140  14:03  Spine Crawler  
  140  14:06  Ravager x4  
  140  14:07  Brood Lord x2  
  140  14:08  Brood Lord  
  146  14:29  Drone x3  
  146  14:30  Drone x18  
  167  14:37  Extractor  
  164  14:38  Spore Crawler  
  164  14:39  Drone x3  
  166  14:48  Corruptor x2  
  170  14:54  Corruptor  
  170  14:58  Spore Crawler  
  171  15:01  Spore Crawler  
  171  15:04  Overseer  
  170  15:09  Spore Crawler  
  170  15:11  Unknown  
  161  15:27  Corruptor  
  161  15:28  Corruptor x5  
  172  15:52  Drone x3  
  172  15:53  Drone  
  172  15:54  Drone x5  
  172  15:55  Drone x6  
  187  16:01  Spine Crawler  
  187  16:02  Spine Crawler  
Show
View Real Time Build Order
Export as new Build Order

SacDeFromage Protoss - Winner!

Build Orders: 1 Gate Expand, Oracle Opening, Phoenix Opening, Archon Immortal 

Get SALT Encoding   

  12  0:01  Probe  
  13  0:13  Probe  
  14  0:20  Pylon  
  14  0:25  Probe  
  15  0:38  Probe (Chrono Boost)  
  16  0:44  Gateway  
  16  0:47  Probe (Chrono Boost)  
  17  0:52  Assimilator, Probe (Chrono Boost)  
  18  1:04  Probe  
  19  1:17  Probe  
  20  1:29  Probe  
  21  1:34  Nexus  
  21  1:41  Cybernetics Core  
  21  1:43  Probe  
  22  1:52  Pylon  
  22  1:55  Assimilator  
  22  1:59  Probe  
  23  2:11  Probe (Chrono Boost)  
  24  2:16  Adept (Chrono Boost)  
  24  2:21  Probe (Chrono Boost)  
  27  2:26  Probe (Chrono Boost)  
  27  2:27  Stargate  
  28  2:35  Warp Gate  
  28  2:38  Probe  
  28  2:42  Adept  
  32  2:52  Probe (Chrono Boost)  
  32  2:53  Gateway, Probe (Chrono Boost)  
  32  2:58  Pylon  
  33  3:03  Probe (Chrono Boost)  
  35  3:05  Probe (Chrono Boost)  
  35  3:11  Oracle (Chrono Boost)  
  38  3:22  Probe x2  
  38  3:29  Adept  
  38  3:31  Assimilator  
  38  3:33  Assimilator  
  40  3:34  Probe x2  
  40  3:37  Robotics Facility  
  42  3:46  Probe x2  
  44  3:49  Phoenix (Chrono Boost)  
  46  3:57  Pylon  
  46  4:02  Forge  
  46  4:15  Probe x2  
  48  4:24  Immortal (Chrono Boost), Pylon  
  48  4:27  Probe x2  
  54  4:34  Pylon, Protoss Ground Weapons Level 1  
  54  4:42  Probe x2  
  54  4:45  Adept x2  
  60  4:54  Probe  
  61  5:02  Probe  
  61  5:04  Nexus  
  61  5:06  Probe  
  63  5:07  Pylon  
  63  5:14  Probe  
  63  5:17  Immortal (Chrono Boost)  
  68  5:22  Probe  
  69  5:30  Adept x2  
  69  5:32  Probe  
  69  5:34  Probe  
  75  5:37  Twilight Council  
  75  5:39  Pylon  
  75  5:44  Observer (Chrono Boost)  
  75  5:49  Shield Battery  
  76  5:53  Probe x2, Pylon  
  78  6:00  Immortal (Chrono Boost)  
  82  6:05  Probe x2  
  82  6:07  Gateway  
  82  6:11  Gateway  
  84  6:16  Probe  
  84  6:17  Probe, Templar Archives  
  86  6:18  Probe  
  87  6:28  Probe  
  87  6:29  Phoenix (Chrono Boost)  
  87  6:31  Probe x2  
  92  6:36  Assimilator  
  92  6:38  Assimilator  
  92  6:39  Immortal  
  96  6:40  Probe  
  96  6:43  Probe, Protoss Ground Weapons Level 2 (Chrono Boost)  
  96  6:46  Adept  
  100  6:47  Stalker  
  100  6:48  Phoenix (Chrono Boost)  
  104  6:57  Probe  
  105  7:04  Charge (Chrono Boost)  
  105  7:05  Pylon  
  105  7:10  Gateway  
  105  7:13  Gateway  
  105  7:15  Gateway, Phoenix  
  107  7:17  Pylon  
  107  7:19  Probe x2  
  107  7:22  Photon Cannon  
  109  7:30  Immortal (Chrono Boost)  
  109  7:33  Gateway  
  109  7:34  Gateway  
  113  7:38  Photon Cannon  
  113  7:42  Shield Battery  
  113  7:44  Pylon  
  113  7:47  Shield Battery  
  113  7:57  High Templar x4  
  121  8:02  Archon x2  
  121  8:03  Immortal (Chrono Boost)  
  125  8:08  Probe x3  
  125  8:11  Robotics Facility  
  128  8:13  Pylon  
  128  8:16  Nexus  
  128  8:19  Pylon  
  128  8:20  Probe  
  128  8:25  High Templar x2  
  133  8:27  Psionic Storm  
  133  8:31  Phoenix  
  135  8:34  Photon Cannon  
  135  8:38  Archon  
  135  8:43  Zealot  
  135  8:44  Zealot x3  
  122  8:50  Protoss Ground Weapons Level 3 (Chrono Boost)  
  102  8:56  Zealot x2  
  94  9:08  Zealot x6  
  106  9:11  Immortal (Chrono Boost)  
  110  9:24  Probe  
  110  9:25  Probe x2  
  110  9:27  High Templar x2  
  110  9:28  High Templar x2  
  110  9:29  Probe  
  122  9:31  Zealot  
  122  9:34  Zealot  
  122  9:37  Probe x3  
  129  9:40  Zealot x2  
  133  9:47  Photon Cannon  
  133  9:52  Photon Cannon, Shield Battery  
  133  9:53  Immortal (Chrono Boost)  
  141  10:09  Immortal (Chrono Boost)  
  141  10:10  High Templar x4  
  141  10:13  Probe x3  
  152  10:17  Assimilator  
  152  10:18  Archon x2  
  152  10:20  Protoss Air Weapons Level 1  
  152  10:22  Probe  
  152  10:28  Immortal (Chrono Boost), Probe  
  162  10:43  Immortal (Chrono Boost), Dark Shrine  
  162  10:45  Pylon  
  162  10:49  Gateway  
  162  10:51  Gateway  
  162  10:54  Pylon  
  162  10:56  Warp Prism (Chrono Boost)  
  162  11:02  Photon Cannon, Assimilator  
  164  11:04  Shield Battery  
  164  11:07  Photon Cannon  
  164  11:08  Pylon  
  164  11:09  Pylon, High Templar x4  
  172  11:13  Archon  
  172  11:15  Zealot x3  
  178  11:20  Zealot  
  180  11:29  Photon Cannon x2  
  180  11:34  Zealot  
  180  11:35  Zealot  
  182  11:43  Zealot  
  180  11:48  Zealot  
  180  11:49  Zealot x5  
  192  12:03  Protoss Ground Armor Level 1 (Chrono Boost)  
  192  12:05  Pylon  
  192  12:08  Zealot  
  192  12:09  Zealot  
  172  12:25  Zealot x4  
  172  12:26  Zealot x2  
  172  12:29  Archon  
  104  12:37  Immortal x2, Phoenix (Chrono Boost)  
  104  12:55  Dark Templar x2  
  104  12:56  Dark Templar x3, Stargate  
  106  13:10  Probe x3  
  101  13:25  Probe x3  
  94  13:33  Protoss Air Armor Level 1 (Chrono Boost)  
  90  13:35  High Templar x4  
  90  13:36  Probe, High Templar x3  
  90  13:37  Probe x3  
  106  13:49  Probe, Dark Templar  
  106  13:52  Probe  
  106  13:53  Archon x2  
  110  13:56  Immortal (Chrono Boost)  
  118  14:06  Immortal (Chrono Boost)  
  118  14:07  Zealot x2  
  122  14:10  Probe x2  
  124  14:23  High Templar x4  
  130  14:29  Archon x2  
  130  14:34  Void Ray x2 (Chrono Boost)  
  138  14:44  Observer  
  138  14:45  Dark Templar  
  141  15:00  Zealot x7  
  141  15:01  Zealot  
  155  15:27  Zealot x3  
  155  15:28  Zealot x3  
  167  15:39  Void Ray (Chrono Boost)  
  169  15:44  Nexus  
  169  15:45  Pylon, Void Ray (Chrono Boost)  
  173  15:53  High Templar  
  173  15:54  High Templar  
  173  15:55  High Templar x4  
  183  15:59  Archon  
  183  16:00  Archon  
  183  16:01  Dark Templar  
  183  16:03  Zealot  
  187  16:11  Dark Templar  
  173  16:25  Zealot  
  173  16:26  Zealot  
Tags
 
Add a new tag
Caveats
  • Supply blocks, unpowered buildings, or Contaminate may cause inaccurate times.
  • Supply counts are checked every 10 seconds.